 Dungeon Crawl Stone Soup version 0.29.0-11-gd7f09526c8 (webtiles) character file.

Game seed: 8995809351976044720

40 hilljack the Shooter (level 3, -1/21 HPs)
             Began as a Gargoyle Arcane Marksman on Sept 4, 2022.
             Was an Initiate of Gozag.
             Slain by Sigmund
             ... wielding a +0 scythe
              (5 damage)
             ... on level 2 of the Dungeon.
             The game lasted 00:03:01 (1419 turns).

hilljack the Shooter (Gargoyle Arcane Marksman)     Turns: 1419, Time: 00:03:01

Health: -1/21      AC:  5    Str: 13    XL:     3   Next: 50%
Magic:  2/4        EV: 12    Int: 13    God:    Gozag
Gold:   70         SH:  0    Dex: 12    Spells: 3/4 levels left

rFire   . . .      SeeInvis .   a - +1 sling
rCold   . . .      Faith    .   (no shield)
rNeg    + . .      Spirit   .   c - +0 robe
rPois   ∞          Reflect  .   (no helmet)
rElec   +          Harm     .   (no cloak)
rCorr   .          Rampage  .   (no gloves)
Will    .....                   (no boots)
Stlth   +.........              (no amulet)
HPRegen 0.07/turn               (no ring)
MPRegen 0.09/turn               (no ring)

@: no status effects
A: sickness immunity, AC +3, negative energy resistance 1, electricity
resistance, torment resistance 1, petrification resistance
a: Renounce Religion, Potion Petition, Call Merchant, Bribe Branch


You were on level 2 of the Dungeon.
You worshipped Gozag.
Gozag was noncommittal.
You visited 1 branch of the dungeon, and saw 2 of its levels.

You collected 70 gold pieces.

Inventory:

Hand Weapons
 a - a +1 sling (weapon)
Armour
 c - a +0 robe (worn)
Scrolls
 d - a scroll of torment {unknown}
 f - 2 scrolls of vulnerability {unknown}
 h - 2 scrolls of blinking {unknown}
Potions
 e - a potion of might {unknown}
 g - a potion of resistance {unknown}
 i - 2 potions of curing {unknown}
 j - a potion of heal wounds {unknown}
 k - 2 potions of mutation {unknown}
 l - a potion of haste {unknown}


   Skills:
 + Level 1.9 Fighting
 + Level 3.4 Ranged Weapons
 - Level 1.5 Dodging
 - Level 1.0 Spellcasting
 - Level 2.7 Hexes


You had 3 spell levels left.
You knew the following spells:

 Your Spells              Type           Power      Damage    Failure   Level
a - Slow                  Hex            28%        N/A       10%         1

Your spell library contained the following spells:

 Spells                   Type           Power      Damage    Failure   Level
 Foxfire                  Conj/Fire      0%         2x1d4     28%         1
 Inner Flame              Hex/Fire       4%         N/A       43%         3
 Portal Projectile        Hex/Tloc       8%         N/A       43%         3
 Conjure Flame            Conj/Fire      0%         6-21      63%         3
 Cause Fear               Hex            3%         N/A       67%         4
 Flame Wave               Conj/Fire      0%         2d4       95%         4


Dungeon Overview and Level Annotations

Branches:
Dungeon (2/15)

Altars:
Gozag

Annotations:
D:2 Sigmund


Innate Abilities, Weirdness & Mutations

You are immune to sickness and miasma.
Your stone body is resilient. (AC +3)
You are immune to poison.
You resist negative energy. (rN+)
You are resistant to electric shocks. (rElec)
You are resistant to unholy torment.
You are immune to petrification.


Message History

Nothing appears to happen.
Fire: a) +1 sling
Press: ? - help, Q - select action, (/) - cycle Shift-Dir - straight line You shoot a sling bullet.
Fire: a) +1 sling
Press: ? - help, Q - select action, (/) - cycle Shift-Dir - straight line You shoot a sling bullet.
Fire: a) +1 sling
Press: ? - help, Q - select action, (/) - cycle Shift-Dir - straight line You shoot a sling bullet.
Fire: a) +1 sling
Press: ? - help, Q - select action, (/) - cycle Shift-Dir - straight line You shoot a sling bullet.
You are confused.
Non-targeted confused fire: a) +1 sling
Press: ? - help, Q - select action, (/) - cycle Dir - look around, f - activate You shoot a sling bullet.
Your magical contamination has completely faded away.
Non-targeted confused fire: a) +1 sling
Press: ? - help, Q - select action, (/) - cycle Dir - look around, f - activate You shoot a sling bullet.
Non-targeted confused fire: a) +1 sling
Press: ? - help, Q - select action, (/) - cycle Dir - look around, f - activate You shoot a sling bullet.
You are too confused!
A puff of flame appears from out of thin air!
The puff of flame misses you.
You feel less confused.
Fire: a) +1 sling
Press: ? - help, Q - select action, (/) - cycle Shift-Dir - straight line You shoot a sling bullet.
You hear some strange, mumbled words.
You are confused.
Something hits you!
* * * LOW HITPOINT WARNING * * *
You bump into the rock wall.
You feel less confused. Something hits you.
You die...
Your body crumbles into a pile of gold.

#8.#....# #.........#
#..#....# ###.......#
#..#....# #.......#
#..#....# #.......#
####..#....######.......#
#..#.8#.................#
#..#..#......########+###
#............# #........
#...........@###........
####.......................
#......#######.............
#......# ####>.........
#......# ####.......
#......# ....... #......#
....... #......# .......
#......# #####.#


There were no monsters in sight!

Vanquished Creatures
  3 dart slugs (D:1)
  3 bats (D:1)
  8 endoplasms (D:1)
  A hobgoblin (D:1)
  5 ball pythons (D:1)
  3 frilled lizards (D:1)
  A goblin (D:1)
  6 kobolds
  3 rats
33 creatures vanquished.

Notes
Turn   | Place    | Note
-------+----------+-------------------------------------------
     0 | D:1      | hilljack the Gargoyle Arcane Marksman began the quest for
                  | the Orb.
     0 | D:1      | Reached XP level 1. HP: 12/12 MP: 2/2
     0 | D:1      | Noticed a minotaur zombie
     3 | D:1      | Noticed a minotaur zombie
   120 | D:1      | Reached XP level 2. HP: 16/16 MP: 3/3
   461 | D:1      | Reached skill level 3 in Ranged Weapons
   767 | D:1      | Reached XP level 3. HP: 20/20 MP: 4/4
  1053 | D:1      | Found a faded altar of an unknown god.
  1087 | D:1      | Prayed at the altar of an unknown god.
  1087 | D:1      | Became a worshipper of Gozag Ym Sagoz the Greedy
  1391 | D:2      | Noticed Sigmund
  1419 | D:2      | Slain by Sigmund

Illustrated notes

Levels and vault maps discovered:
D:1:      shiori_arrival_whats_in_store_for_you, layout_loops_corners,
          ebering_ecumenical_altar_sacrificial
D:2:      layout_basic, dk_vineyard_3, chequers_decorated_corner, uniq_sigmund

Skill      XL: |  1  2 |
---------------+-------+-----
Ranged Weapons | 3 |  3.4
Fighting       | |  1.9
Dodging        | |  1.5
Spellcasting   | |  1.0
Hexes          | |  2.7

Action                   || total
-------------------------++-------
 Fire: Sling             ||   125
 Cast: Slow              ||     3
  Use: Scroll            ||     1
Armor: Robe              ||    24
Dodge: Dodged            ||    30
